 Dungeon Crawl Stone Soup version 0.26-a0-651-gb41185065b (webtiles) character file.

Game seed: 8286888960924606798

146 Ozzies the Skirmisher (level 5, -10/37 HPs)
             Began as a Gargoyle Fighter on Oct 3, 2020.
             Mangled by an orc warrior
             ... wielding a +0 trident
              (16 damage)
             ... on level 2 of the Dungeon.
             The game lasted 00:02:40 (1533 turns).

Ozzies the Skirmisher (Gargoyle Fighter)            Turns: 1533, Time: 00:02:41

Health: -10/37     AC: 10    Str: 20    XL:     5   Next: 28%
Magic:  0/5        EV:  7    Int:  9    God:
Gold:   52         SH:  9    Dex:  9    Spells: 4/4 levels left

rFire    . . .     SeeInvis .   j - +4 whip
rCold    . . .     Faith    .   c - +0 kite shield
rNeg     + . .     Spirit   +   b - +0 scale mail
rPois    ∞         Reflect  .   (no helmet)
rElec    +         Harm     .   (no cloak)
rCorr    .         Rampage  .   (no gloves)
MR       .....                  (no boots)
Stlth    ..........             i - amulet of guardian spirit
HPRegen  0.12/turn              (no ring)
MPRegen  0.09/turn              (no ring)

@: no status effects
A: negative energy resistance 1, electricity resistance, unbreathing,
petrification resistance, rot immunity, AC +4
a: no special abilities


You were on level 2 of the Dungeon.
You visited 1 branch of the dungeon, and saw 2 of its levels.

You collected 52 gold pieces.

Inventory:

Hand Weapons
 a - a +0 flail
 j - a +4 whip (weapon)
Armour
 b - a +0 scale mail (worn)
 c - a +0 kite shield (worn)
Jewellery
 i - an amulet of guardian spirit (around neck)
Wands
 m - a wand of polymorph (1)
Scrolls
 f - a scroll of fog {unknown}
 h - 2 scrolls of remove curse {unknown}
 k - a scroll of enchant armour {unknown}
 l - a scroll of teleportation {unknown}
Potions
 d - a potion of might
 e - a potion of curing {unknown}
 g - a potion of cancellation {unknown}


   Skills:
 + Level 6.4 Fighting
 - Level 2.0 Maces & Flails
 - Level 3.2 Armour
 - Level 3.2 Shields


You had 4 spell levels left.
You didn't know any spells.
Your spell library was empty.

Dungeon Overview and Level Annotations

Branches:
Dungeon (2/15)

Altars:


Innate Abilities, Weirdness & Mutations

You are resistant to torment.
Your stone body is resilient. (AC +4)
You are immune to poison.
You resist negative energy. (rN+)
You are resistant to electric shocks. (rElec)
You can survive without breathing.
You are immune to petrification.
You are immune to rotting.


Message History

There is a stone staircase leading up here.
The orc warrior hits you with a +0 trident.
You barely miss the orc warrior.
The orc warrior hits you but does no damage.
You hit the orc warrior but do no damage.
You block the orc warrior's attack.
Your shield prevents you from hitting the orc warrior.
The orc warrior hits you with a +0 trident.
You closely miss the orc warrior.
The orc warrior hits you with a +0 trident!
You whack the orc warrior!
The orc warrior is moderately wounded.
The orc warrior hits you with a +0 trident!
* * * LOW HITPOINT WARNING * * *
You hit the orc warrior but do no damage.
The orc warrior is moderately wounded.
Your shield prevents you from hitting the orc warrior.
The orc warrior is moderately wounded.
The orc warrior hits you with a +0 trident!
You die...

#.#.###(######.##........
#.##.#.#######.##......##
#..##.##.......##.#.>.###
#.#......####..##.#......
#..##########..##.#.#####
#..............##.#.#
#...#########..##.#.#
#......<............#####
#.#.####@................
#.#.####o.###..###..#####
#.#............# ..#
#.######..###.## ..# ##
#.# #..# #........ ...
#.# #..# ######..#####
#.######..# #.#..S....#
#########...o.##.###


You could see an orc warrior.

Vanquished Creatures
  Terence (D:2)
  3 orc wizards
  An adder (D:1)
  A leopard gecko (D:1)
  An orc (D:2)
  2 bats
  2 giant cockroaches (D:1)
  A hobgoblin (D:1)
  3 jackals (D:1)
  4 kobolds
  A quokka (D:2)
  4 frilled lizards (D:1)
  5 goblins
  4 rats
33 creatures vanquished.

Notes
Turn   | Place    | Note
-------+----------+-------------------------------------------
     0 | D:1      | Ozzies the Gargoyle Fighter began the quest for the Orb.
     0 | D:1      | Reached XP level 1. HP: 14/14 MP: 1/1
    86 | D:1      | Reached XP level 2. HP: 16/20 MP: 2/2
   193 | D:1      | Reached skill level 4 in Fighting
   479 | D:1      | Reached XP level 3. HP: 24/24 MP: 3/3
   998 | D:2      | Noticed Terence
  1008 | D:2      | Killed Terence
  1008 | D:2      | Reached skill level 5 in Fighting
  1029 | D:2      | Noticed an orc warrior
  1034 | D:2      | Reached XP level 4. HP: 31/31 MP: 4/4
  1299 | D:1      | Reached skill level 6 in Fighting
  1361 | D:1      | Reached XP level 5. HP: 30/36 MP: 5/5
  1533 | D:2      | Mangled by an orc warrior

Illustrated notes

Levels and vault maps discovered:
D:1:      shiori_arrival_elements, layout_basic
D:2:      layout_loops_ring, uniq_jessica, uniq_terence

Skill      XL: |  1  2  3  4 |
---------------+-------------+-----
Fighting       | 4 5 6 |  6.4
Maces & Flails | |  2.0
Armour         | |  3.2
Shields        | |  3.2

Action                   |  1- 3 |  4- 6 || total
-------------------------+-------+-------++-------
Melee: Flail             |    69 |       ||    69
       Whip              |    22 |    34 ||    56
       Unarmed           |     5 |       ||     5
Armor: Scale mail        |    44 |    13 ||    57
Dodge: Dodged            |    31 |    10 ||    41
Block: Kite shield       |    49 |    14 ||    63

Table legend: (Time is in decaauts)
 A = Elapsed time spent in this place.
 B = Non-inter-level travel time spent in this place.
 C = Inter-level travel time spent in this place.
 D = Time resting spent in this place.
 E = Time spent auto-exploring this place.
 F = Levels seen in this place.
 G = Mean time per level.
                   A        B        C        D        E       F      G
               +--------+--------+--------+--------+--------+-----+--------+
         Total |   1563 |   1498 |     65 |    369 |    781 |   2 |  781.5 |
       Dungeon |   1563 |   1498 |     65 |    369 |    781 |   2 |  781.5 |
               +--------+--------+--------+--------+--------+-----+--------+

Top non-repeatable levels by time:
     D:1: 1184 daAuts
     D:2: 379 daAuts
